 Dungeon Crawl Stone Soup version 0.22.0-35-ge4bf2f5f59 (webtiles) character file.

11361 Rrauwl the Peltast (level 11, 0/84 HPs)
             Began as a Minotaur Fighter on Aug 23, 2018.
             Was a Priest of the Shining One.
             Slain by a seven-headed hydra (5 damage)
             ... on level 11 of the Dungeon.
             The game lasted 00:18:56 (10073 turns).

Rrauwl the Peltast (Minotaur Fighter)              Turns: 10073, Time: 00:18:57

Health: 0/84       AC: 19    Str: 27    XL:     11   Next: 48%
Magic:  10/10      EV:  6    Int:  5    God:    the Shining One [***...]
Gold:   447        SH: 21    Dex: 11    Spells: 10/10 levels left

rFire    . . .     SeeInvis .   c - +2 mace (holy)
rCold    . . .     Gourm    +   K - +0 large shield
rNeg     + . .     Faith    .   I - +4 plate armour
rPois    +         Spirit   .   (helmet restricted)
rElec    .         Reflect  .   (no cloak)
rCorr    .         Harm     .   (no gloves)
MR       .....                  n - +0 pair of boots
Stlth    ..........             r - amulet of the gourmand
HPRegen  0.24/turn              H - +4 ring of strength
MPRegen  0.12/turn              h - ring of poison resistance

@: glowing
A: retaliatory headbutt, horns 2
a: Divine Shield, Renounce Religion


You were on level 11 of the Dungeon.
You worshipped the Shining One.
The Shining One was most pleased with you.
You were very full.

You visited 2 branches of the dungeon, and saw 12 of its levels.
You also visited: Ossuary.

You collected 783 gold pieces.
You spent 336 gold pieces at shops.

Inventory:

Hand Weapons
 a - a +0 hand axe of electrocution
 c - a +2 mace of holy wrath (weapon)
Missiles
 w - 3 throwing nets (quivered)
Armour
 n - a +0 pair of boots (worn)
 I - a +4 plate armour (worn)
 K - a +0 large shield (worn)
Jewellery
 h - a ring of poison resistance (right hand)
 l - a +2 ring of protection
 r - an amulet of the gourmand (around neck)
 z - a +4 amulet of reflection {unknown}
 A - an uncursed amulet of faith {unknown}
 H - a +4 ring of strength (left hand)
 J - an uncursed ring of flight {unknown}
Wands
 b - a wand of enslavement (16)
 F - a wand of polymorph (10)
 M - a wand of scattershot (3)
 N - a wand of disintegration (13)
 Q - a wand of paralysis (4)
Scrolls
 f - 9 scrolls of teleportation
 g - 4 scrolls of fear {unknown}
 j - 8 scrolls of identify
 m - 3 scrolls of enchant weapon
 o - a scroll of torment {unknown}
 q - 2 scrolls of fog
 s - 2 scrolls of immolation
 u - 2 scrolls of amnesia
 v - 7 scrolls of remove curse
 x - 3 scrolls of blinking {unknown}
 y - 2 scrolls of magic mapping
 P - a scroll of enchant armour {unknown}
Potions
 d - 2 potions of might
 i - 6 potions of heal wounds {unknown}
 k - 3 potions of lignification {unknown}
 p - a potion of magic {unknown}
 t - a potion of brilliance {unknown}
 B - 2 potions of cancellation {unknown}
 C - a potion of haste {unknown}
 D - 2 potions of agility {unknown}
 E - 4 potions of curing {unknown}
 L - 3 potions of ambrosia {unknown}
 O - a potion of invisibility {unknown}
Comestibles
 e - 20 rations


   Skills:
 - Level 4.0 Fighting
 + Level 12.1 Axes
 + Level 9.5 Armour
 - Level 2.0 Dodging
 * Level 15.2 Shields
 + Level 0.5 Invocations
 + Level 0.5 Evocations


You had 10 spell levels left.
You didn't know any spells.
Your spell library contained the following spells:

 Spells                   Type           Power        Failure   Level  Hunger
 Shock                    Conj/Air       #...         100%        1    ##.....
 Swiftness                Chrm/Air       #.......     100%        2    ###....
 Static Discharge         Conj/Air       #.......     100%        3    ####...
 Airstrike                Air            #.........   100%        4    #####..
 Lightning Bolt           Conj/Air       #.........   100%        5    ######.


Dungeon Overview and Level Annotations

Branches:
Dungeon (11/15)            Temple (1/1) D:5
   Lair: D:8-11         Orc: D:9-12

Altars:
Ashenzari
Cheibriados
Dithmenos
Elyvilon
Fedhas
Gozag
Hepliaklqana
Kikubaaqudgha
Makhleb
Nemelex Xobeh
Okawaru
Qazlal
Ru
Sif Muna
Trog
Uskayaw
Vehumet
Wu Jian
Xom
Yredelemnul
Zin
The Shining One

Shops:
D:9 ?


Innate Abilities, Weirdness & Mutations

You reflexively headbutt those who attack you in melee.
You have a pair of horns on your head.


Message History

The seven-headed hydra roars!
You block the meliai's attack. x2
You hit the meliai. Your headbutt misses the meliai.
The meliai is severely wounded.
You block the meliai's attack.
The meliai stings you but does no damage.
Evoke which item? (* to show all) (? for menu, Esc to quit)
Aiming: Scattershot
Press: ? - help, Shift-Dir - straight line, f/p - meliai
Aim: a meliai, wielding a hand axe and wearing a leather armour (severely wounded, haloed)
The burst of metal fragments hits the seven-headed hydra. x4
The seven-headed hydra is heavily wounded.
The meliai mumbles some strange prayers to its god against you.
Something smites you!
* * * LOW HITPOINT WARNING * * *
The seven-headed hydra bites you.
* * * LOW HITPOINT WARNING * * *
You block the seven-headed hydra's attack.
The seven-headed hydra bites you.
You die...

#.............#
#.###########.#
#.# #.# #.# #.#
#.# #.# #.# #.#
#.# #.# #.# #.#
#@# #.# #D# #.#
#y##### #.####
#(..y.# #.....
####...# #..###
...#####.....
.).......###
.#####..# # ..
#..###


You could see a seven-headed hydra and a meliai.

Vanquished Creatures
  A two-headed ogre (D:10)
  A shock serpent (D:8)
  Pikel (D:7)
  A deep elf mage (D:8)
  Joseph (D:9)
  A troll (D:9)
  A hornet (D:11)
  2 meliai (D:11)
  Prince Ribbit (D:9)
  5 yaks (D:10)
  A hungry ghost (D:10)
  Grum (D:10)
  Menkaure (D:6)
  A water moccasin (D:8)
  4 sky beasts
  3 orc warriors
  A hornet zombie (Ossuary)
  3 phantoms
  4 slaves (D:7)
  A black bear (D:10)
  3 ice beasts
  2 eyes of draining
  2 wolves (D:10)
  3 ogres
  10 centaurs
  3 big kobolds
  4 bullfrogs
  A gnoll sergeant (D:9)
  3 scorpions
  6 howler monkeys
  4 bullfrog zombies (Ossuary)
  A crimson imp (D:9)
  2 quasits
  A centaur zombie (D:7)
  4 jellies
  7 orc priests
  A bullfrog skeleton (D:9)
  5 hounds
  4 centaur skeletons
  21 orc wizards
  6 worker ants
  3 killer bee zombies (Ossuary)
  2 hound zombies (Ossuary)
  A hound skeleton (D:10)
  19 mummies
  A howler monkey zombie (Ossuary)
  2 worker ant zombies (Ossuary)
  Robin (D:2)
  9 gnolls
  13 adders
  2 shadow imps
  4 adder zombies (Ossuary)
  An adder skeleton (D:3)
  2 dart slugs
  5 leopard geckos
  37 orcs
  2 ball pythons
  5 giant cockroaches
  25 goblins
  9 hobgoblins
  4 jackals (D:9)
  18 kobolds
  6 quokkas
  6 bats
  8 frilled lizards
  A giant cockroach zombie (Ossuary)
  2 leopard gecko skeletons
  A leopard gecko zombie (Ossuary)
  A quokka skeleton (D:5)
  2 quokka zombies
  7 rats
327 creatures vanquished.

Vanquished Creatures (others)
  A withered plant (Ossuary)
1 creature vanquished.

Grand Total: 328 creatures vanquished

Notes
Turn   | Place    | Note
-------+----------+-------------------------------------------
     0 | D:1      | Rrauwl the Minotaur Fighter began the quest for the Orb.
     0 | D:1      | Reached XP level 1. HP: 19/19 MP: 0/0
   199 | D:1      | Reached XP level 2. HP: 27/27 MP: 1/1
   511 | D:2      | Found a shimmering altar of Xom.
   583 | D:2      | Reached skill level 4 in Shields
   583 | D:2      | Reached XP level 3. HP: 30/33 MP: 2/2
   646 | D:2      | Noticed Robin
   953 | D:2      | Killed Robin
   953 | D:2      | Reached skill level 1 in Dodging
   987 | D:2      | Reached XP level 4. HP: 36/40 MP: 3/3
  1529 | D:3      | Found a white marble altar of Elyvilon.
  1680 | D:3      | Reached skill level 5 in Shields
  1839 | D:3      | Reached XP level 5. HP: 46/46 MP: 4/4
  2328 | D:4      | Found a sand-covered staircase.
  2337 | Ossuary  | Entered an ossuary
  2345 | Ossuary  | Reached XP level 6. HP: 51/52 MP: 5/5
  2347 | Ossuary  | Reached skill level 5 in Axes
  2348 | Ossuary  | Reached skill level 6 in Shields
  2602 | Ossuary  | Reached XP level 7. HP: 45/59 MP: 6/6
  2608 | Ossuary  | Reached skill level 7 in Shields
  2990 | Ossuary  | Reached skill level 8 in Shields
  3446 | D:4      | Reached XP level 8. HP: 62/66 MP: 7/7
  3534 | D:5      | Entered Level 5 of the Dungeon
  3567 | D:5      | Found a staircase to the Ecumenical Temple.
  3607 | D:5      | Reached skill level 9 in Shields
  3821 | Temple   | Entered the Ecumenical Temple
  3909 | Temple   | Became a worshipper of the Shining One
  4069 | D:5      | Found a blossoming altar of Fedhas.
  4861 | D:6      | Noticed Menkaure
  4867 | D:6      | Killed Menkaure
  4998 | D:6      | Reached skill level 10 in Shields
  5233 | D:6      | Reached * piety under the Shining One
  5268 | D:6      | Reached XP level 9. HP: 46/71 MP: 8/8
  5421 | D:6      | Reached skill level 10 in Axes
  5503 | D:7      | Found a radiant altar of Vehumet.
  5699 | D:7      | Noticed Pikel
  5719 | D:7      | Killed Pikel
  5719 | D:7      | Reached skill level 11 in Shields
  5858 | D:7      | Reached skill level 5 in Armour
  6232 | D:7      | Found a burning altar of Makhleb.
  6684 | D:8      | Noticed a deep elf mage
  6684 | D:8      | Reached ** piety under the Shining One
  6686 | D:8      | Reached XP level 10. HP: 73/78 MP: 9/9
  6696 | D:8      | Noticed a soul eater
  6701 | D:8      | Noticed a smoke demon
  6704 | D:8      | Killed a deep elf mage
  6704 | D:8      | Reached skill level 12 in Shields
  6889 | D:8      | Noticed a two-headed ogre
  6891 | D:8      | Noticed a shock serpent
  6891 | D:8      | a two-headed ogre changed into a shock serpent
  6896 | D:8      | Killed a shock serpent
  7277 | D:8      | Found an opulent altar of Gozag.
  7774 | D:9      | Noticed Joseph
  7790 | D:9      | Killed Joseph
  7790 | D:9      | Reached skill level 13 in Shields
  7901 | D:9      | Found Kikhleleo's Magic Scroll Shoppe.
  7903 | D:9      | Bought a scroll of magic mapping for 42 gold pieces
  7903 | D:9      | Bought a scroll of enchant weapon for 90 gold pieces
  7903 | D:9      | Bought a scroll of immolation for 42 gold pieces
  7903 | D:9      | Bought a scroll of remove curse for 36 gold pieces
  7903 | D:9      | Bought a scroll of teleportation for 36 gold pieces
  7903 | D:9      | Bought a scroll of amnesia for 42 gold pieces
  7903 | D:9      | Bought a scroll of fog for 24 gold pieces
  7903 | D:9      | Bought a scroll of identify for 24 gold pieces
  7978 | D:9      | Noticed Prince Ribbit
  7989 | D:9      | Killed Prince Ribbit
  8182 | D:9      | Found an iron altar of Okawaru.
  8463 | D:10     | Entered Level 10 of the Dungeon
  8481 | D:10     | Reached skill level 14 in Shields
  8490 | D:10     | Reached XP level 11. HP: 55/84 MP: 10/10
  8696 | D:10     | Reached *** piety under the Shining One
  8865 | D:10     | Noticed Grum
  8882 | D:10     | Killed Grum
  8968 | D:10     | Noticed a two-headed ogre
  8976 | D:10     | Killed a two-headed ogre
  9128 | D:10     | Reached skill level 15 in Shields
  9323 | D:11     | Noticed a five-headed hydra
 10073 | D:11     | Slain by a seven-headed hydra

Skill      XL: |  1  2  3  4  5  6  7  8  9 10 11 |
---------------+----------------------------------+-----
Fighting       | 4 |  4.0
Armour         | 4 5 8 9 |  9.5
Axes           | 3 4 6 7 9 11 12 | 12.1
Shields        | 4 5 6 8 10 11 14 15 | 15.2
Dodging        | 1 2 |  2.0
Invocations    | |  0.5
Evocations     | |  0.5

Action                   |  1- 3 |  4- 6 |  7- 9 | 10-12 || total
-------------------------+-------+-------+-------+-------++-------
Melee: War axe           |    14 |       |       |       ||    14
       Hand axe          |    50 |   147 |   313 |   303 ||   813
       Headbutt          |     6 |    24 |    49 |    76 ||   155
       Mace              |       |       |       |    29 ||    29
Evoke: Wand              |       |       |       |    14 ||    14
  Eat: Chunk             |       |     7 |    17 |    14 ||    38
       Ration            |       |       |     1 |       ||     1
Armor: Scale mail        |    35 |    49 |    34 |       ||   118
       Plate armour      |       |       |    33 |   117 ||   150
Dodge: Dodged            |    31 |    37 |    53 |    39 ||   160
Block: Shield            |    34 |    57 |   142 |    30 ||   263
       Large shield      |       |       |       |   280 ||   280
